Map: Newkirk Precinct TE (Void)

Players

Creature - Winner!

  • Race: Protoss Protoss
  • Spawn Location: 5:00

Mokomi

  • Race: Protoss Protoss
  • Spawn Location: 7:00

Event: WCS Austin 2017

VOD

Have the link to the VOD?

Description

Time

  • Played on: April 28, 2017, 2:24 p.m.
  • Length: 12:09

All games in this series

Show
View Real Time Build Order
Export as new Build Order

Creature Protoss - Winner!

Build Orders:  

Get SALT Encoding   

  12  0:01  Probe (Chrono Boost)  
  13  0:11  Probe (Chrono Boost)  
  14  0:19  Pylon  
  14  0:22  Probe (Chrono Boost)  
  15  0:37  Probe (Chrono Boost), Gateway  
  16  0:47  Probe (Chrono Boost)  
  16  0:49  Assimilator  
  17  0:53  Assimilator  
  17  0:58  Probe (Chrono Boost)  
  18  1:08  Probe (Chrono Boost)  
  18  1:09  Gateway  
  19  1:19  Probe (Chrono Boost)  
  19  1:24  Cybernetics Core  
  20  1:30  Probe (Chrono Boost)  
  21  1:34  Pylon  
  21  1:40  Probe (Chrono Boost)  
  22  1:51  Probe (Chrono Boost), Warp Gate  
  23  2:00  Adept x2  
  27  2:07  Mothership Core (Chrono Boost)  
  29  2:15  Pylon  
  29  2:28  Probe (Chrono Boost)  
  30  2:33  Stalker x2  
  34  2:48  Pylon  
  34  3:11  Robotics Facility  
  35  3:13  Probe (Chrono Boost)  
  35  3:16  Stalker  
  35  3:17  Stalker  
  35  3:43  Nexus  
  35  3:47  Probe (Chrono Boost)  
  36  3:56  Observer  
  36  3:59  Probe (Chrono Boost)  
  36  4:01  Sentry x2  
  42  4:10  Pylon  
  42  4:12  Probe (Chrono Boost)  
  47  4:25  Observer  
  47  4:29  Probe (Chrono Boost)  
  45  4:36  Gateway  
  45  4:38  Forge  
  45  4:42  Probe (Chrono Boost)  
  45  4:45  Stalker x2  
  51  4:54  Probe (Chrono Boost)  
  51  4:55  Probe (Chrono Boost)  
  51  4:59  Immortal  
  56  5:09  Probe (Chrono Boost)  
  56  5:10  Probe (Chrono Boost)  
  58  5:16  Protoss Ground Weapons Level 1  
  59  5:21  Probe (Chrono Boost), Pylon  
  59  5:23  Probe (Chrono Boost)  
  60  5:33  Probe (Chrono Boost)  
  62  5:35  Probe (Chrono Boost)  
  62  5:36  Immortal, Pylon  
  66  5:45  Probe (Chrono Boost)  
  67  5:53  Probe (Chrono Boost)  
  67  5:55  Assimilator  
  69  5:58  Probe (Chrono Boost)  
  69  5:59  Assimilator  
  69  6:03  Probe (Chrono Boost)  
  70  6:10  Probe (Chrono Boost), Gateway  
  71  6:11  Gateway  
  71  6:14  Stalker  
  71  6:17  Twilight Council  
  73  6:28  Probe (Chrono Boost), Pylon  
  73  6:29  Probe (Chrono Boost), Immortal  
  75  6:39  Probe (Chrono Boost)  
  81  6:41  Probe (Chrono Boost)  
  81  6:45  Stalker x2  
  85  6:47  Blink  
  85  6:58  Robotics Bay  
  85  7:00  Probe x2 (Chrono Boost)  
  87  7:11  Pylon  
  87  7:12  Probe (Chrono Boost)  
  88  7:18  Nexus  
  88  7:21  Pylon  
  88  7:23  Protoss Ground Weapons Level 2  
  88  7:25  Probe x2 (Chrono Boost)  
  90  7:32  Warp Prism  
  93  7:38  Probe (Chrono Boost)  
  93  7:39  Probe (Chrono Boost)  
  94  7:51  Probe x2 (Chrono Boost)  
  96  7:57  Photon Cannon  
  96  8:02  Pylon  
  96  8:08  Probe (Chrono Boost)  
  96  8:11  Disruptor  
  97  8:15  Templar Archives  
  97  8:16  Probe (Chrono Boost)  
  101  8:23  Stalker x5  
  111  8:36  Photon Cannon  
  111  8:40  Assimilator  
  111  8:44  Assimilator  
  111  8:49  Disruptor, Gateway x2  
  111  8:50  Gateway  
  114  9:08  High Templar x2  
  114  9:09  Probe (Chrono Boost), Adept x3  
  125  9:20  Pylon  
  125  9:21  Archon  
  125  9:23  Pylon  
  125  9:26  Disruptor  
  116  9:40  Probe (Chrono Boost)  
  116  9:43  Adept x2  
  116  9:44  Adept x2  
  96  9:53  Probe (Chrono Boost), Stalker  
  96  9:57  Disruptor  
  85  10:01  Stalker x3  
  94  10:21  Nexus  
  94  10:27  Probe (Chrono Boost)  
  94  10:28  Pylon  
  95  10:29  Disruptor  
  95  10:31  Pylon  
  95  10:33  High Templar x2  
  102  10:37  Probe (Chrono Boost)  
  102  10:38  Probe (Chrono Boost)  
  102  10:40  Archon  
  104  10:48  Probe (Chrono Boost)  
  104  10:49  Probe (Chrono Boost)  
  106  10:53  Adept x3  
  106  10:54  Adept  
  106  10:55  Stalker x2  
  118  10:59  Probe (Chrono Boost)  
  118  11:01  Probe (Chrono Boost), Photon Cannon  
  120  11:09  Disruptor  
  121  11:24  Stalker x2  
  121  11:25  Stalker x6  
  131  11:29  Assimilator, Probe (Chrono Boost)  
  132  11:33  Assimilator  
  132  11:37  Probe (Chrono Boost)  
  133  11:50  Stalker x4  
  133  11:51  Stalker x2  
Show
View Real Time Build Order
Export as new Build Order

Mokomi Protoss 

Build Orders: Zealot Archon, Dark Templar Rush 

Get SALT Encoding   

  12  0:01  Probe (Chrono Boost)  
  13  0:11  Probe (Chrono Boost)  
  14  0:19  Pylon  
  14  0:22  Probe (Chrono Boost)  
  15  0:38  Probe (Chrono Boost), Gateway  
  15  0:42  Assimilator  
  16  0:48  Probe (Chrono Boost)  
  17  0:51  Assimilator  
  17  0:59  Probe (Chrono Boost)  
  18  1:08  Gateway  
  18  1:09  Probe (Chrono Boost)  
  19  1:20  Probe (Chrono Boost)  
  20  1:28  Cybernetics Core  
  20  1:30  Probe (Chrono Boost)  
  21  1:45  Pylon  
  21  1:49  Probe (Chrono Boost)  
  21  1:51  Warp Gate  
  22  2:00  Probe (Chrono Boost)  
  23  2:04  Adept x2  
  27  2:12  Twilight Council  
  27  2:31  Stalker x2  
  31  2:38  Pylon  
  31  2:41  Pylon  
  31  2:49  Dark Shrine  
  31  3:05  Mothership Core (Chrono Boost)  
  33  3:08  Gateway  
  33  3:25  Probe (Chrono Boost)  
  33  3:37  Probe (Chrono Boost)  
  34  3:46  Pylon  
  34  3:48  Probe (Chrono Boost)  
  35  4:04  Dark Templar  
  35  4:05  Dark Templar  
  39  4:10  Dark Templar  
  39  4:14  Nexus  
  42  4:17  Probe (Chrono Boost)  
  42  4:28  Probe (Chrono Boost)  
  42  4:30  Resonating Glaives  
  42  4:40  Probe (Chrono Boost)  
  42  4:44  Pylon  
  42  4:46  Pylon  
  42  4:52  Probe (Chrono Boost)  
  43  4:57  Archon  
  43  4:59  Sentry  
  45  5:04  Probe (Chrono Boost)  
  45  5:06  Assimilator  
  46  5:15  Robotics Facility  
  46  5:16  Probe (Chrono Boost)  
  47  5:27  Probe (Chrono Boost)  
  49  5:28  Probe (Chrono Boost)  
  49  5:33  Dark Templar  
  51  5:37  Probe (Chrono Boost)  
  51  5:39  Probe (Chrono Boost)  
  53  5:47  Assimilator, Dark Templar  
  53  5:48  Probe (Chrono Boost)  
  56  5:52  Archon  
  56  5:57  Probe (Chrono Boost)  
  56  6:00  Probe (Chrono Boost)  
  56  6:02  Observer  
  59  6:08  Probe (Chrono Boost)  
  59  6:10  Probe (Chrono Boost)  
  61  6:15  Stargate  
  61  6:19  Probe (Chrono Boost)  
  61  6:21  Immortal  
  62  6:27  Probe (Chrono Boost)  
  62  6:30  Gateway  
  62  6:32  Forge  
  68  6:34  Probe (Chrono Boost)  
  68  6:42  Pylon  
  68  6:45  Dark Templar  
  70  6:53  Pylon  
  70  6:55  Void Ray  
  70  6:59  Immortal  
  78  7:08  Pylon  
  78  7:09  Protoss Ground Weapons Level 1  
  78  7:16  Pylon  
  78  7:32  Void Ray  
  78  7:34  Immortal  
  78  7:43  Pylon  
  86  7:54  Adept  
  86  7:55  Adept  
  86  7:56  Adept  
  92  8:00  Pylon  
  92  8:08  Immortal  
  92  8:09  Void Ray  
  92  8:16  Adept  
  92  8:17  Adept x2  
  106  8:33  Pylon  
  106  8:35  Pylon  
  104  8:42  Warp Prism  
  104  8:47  Void Ray  
  106  8:49  Adept x2  
  114  9:08  Adept  
  114  9:11  Protoss Ground Armor Level 1  
  114  9:12  Pylon  
  112  9:17  Pylon  
  112  9:24  Nexus  
  106  9:44  Adept x3  
  76  9:55  Gateway  
  56  10:02  Void Ray  
  56  10:03  Immortal  
  54  10:16  Pylon  
  54  10:18  Pylon  
  54  10:26  Sentry  
  54  10:28  Sentry  
  58  10:29  Adept  
  60  10:39  Void Ray  
  60  10:40  Immortal  
  68  10:59  Probe x2 (Chrono Boost), Adept x3  
  76  11:14  Adept  
  73  11:19  Probe x2 (Chrono Boost)  
  73  11:23  Adept x3  
  73  11:24  Void Ray  
  82  11:34  Probe (Chrono Boost)  
  82  11:40  Adept  
  74  11:48  Adept x2  
  74  11:53  Probe (Chrono Boost)  
  77  12:03  Adept  
  77  12:04  Adept  
Tags
 
Add a new tag
Caveats
  • Supply blocks, unpowered buildings, or Contaminate may cause inaccurate times.
  • Supply counts are checked every 10 seconds.